 Dungeon Crawl Stone Soup version 0.29-a0-219-g0a02b1cf4f (webtiles) character file.

Game seed: 16949619563647144073

43 riojii the Shooter (level 3, -2/19 HPs)
             Began as a Spriggan Hunter on Feb 25, 2022.
             Slain by an orc
             ... wielding a +0 falchion
              (5 damage)
             ... on level 3 of the Dungeon.
             The game lasted 00:01:35 (1243 turns).

riojii the Shooter (Spriggan Hunter)                Turns: 1243, Time: 00:01:36

Health: -2/19      AC:  3    Str:  8    XL:     3   Next: 37%
Magic:  4/4        EV: 18    Int: 12    God:
Gold:   92         SH:  0    Dex: 17    Spells: 2/2 levels left

rFire   + . .      SeeInvis +   a - +1 shortbow
rCold   . . .      Faith    .   (shield currently unavailable)
rNeg    . . .      Spirit   .   b - +1 robe
rPois   .          Reflect  .   (helmet restricted)
rElec   .          Harm     .   (no cloak)
rCorr   .          Rampage  .   (gloves unavailable)
Will    .....                   (boots unavailable)
Stlth   ++........              (no amulet)
HPRegen 0.06/turn               j - ring of protection from fire
MPRegen 0.09/turn               (no ring)

@: very quick
A: very small, no large weapons, unfitting armour, see invisible, speed 3
a: no special abilities


You were on level 3 of the Dungeon.
You visited 1 branch of the dungeon, and saw 3 of its levels.

You collected 92 gold pieces.

Inventory:

Hand Weapons
 a - a +1 shortbow (weapon)
Armour
 b - a +1 robe (worn)
Jewellery
 j - a ring of protection from fire (left hand)
Wands
 k - a wand of digging (8)
Scrolls
 f - a scroll of teleportation
Potions
 c - 2 potions of brilliance
 e - a potion of heal wounds
 g - a potion of curing
 h - a potion of degeneration {unknown}
 i - a potion of might {unknown}


   Skills:
 * Level 2.3 Fighting
 * Level 5.4 Bows
 + Level 3.2 Dodging
 - Level 1.5 Stealth


You had 2 spell levels left.
You didn't know any spells.
Your spell library contained the following spells:

 Spells                   Type           Power      Damage    Failure   Level
 Frozen Ramparts          Ice            0%         1d2       69%         3
 Ice Form                 Ice/Tmut       0%         N/A       97%         4
 Leda's Liquefaction      Hex/Erth       0%         N/A       97%         4
 Summon Ice Beast         Ice/Summ       0%         N/A       97%         4
 Lee's Rapid Deconstruct  Erth           0%         3d5*      100%        5
 Statue Form              Tmut/Erth      0%         N/A       100%        6


Dungeon Overview and Level Annotations

Branches:
Dungeon (3/15)

Altars:


Innate Abilities, Weirdness & Mutations

You are very small and have problems with some larger weapons.
You are too small for most types of armour.
You have supernaturally acute eyesight. (SInv)
You cover ground extremely quickly. (Speed+++)


Message History

No target in view!
You see here 21 stones.
Done exploring.
Done exploring.
Done exploring.
Done exploring.
Done exploring.
Search for what [Enter for "d", or ? for help]? d
As you read the scroll of identify, it crumbles to dust.
c - 2 potions of brilliance
As you read the scroll of identify, it crumbles to dust.
e - a potion of heal wounds
(D) Dungeon
Where to? (Enter - D:2, ? - help)
There is a stone staircase leading down here.
You climb downwards.
There is a stone staircase leading up here.
A kobold is nearby!
You shoot an arrow. The arrow hits the kobold.
You kill the kobold!
No target in view!
No target in view!
There is a stone staircase leading up here. 3 orcs come into view.
There are monsters nearby!
There are monsters nearby!
There are monsters nearby!
You shoot an arrow.
The arrow hits the orc but does no damage.
The orc shouts! x2; You hear a shout! x4
An orc priest comes into view. It is wielding a +0 falchion.
An orc comes into view. It is wielding a +0 dagger.
The orc priest shouts!
You shoot an arrow. The arrow barely misses the orc.
The orc priest mumbles some strange prayers to Beogh against you.
Beogh smites you!
Ouch! That really hurt!
* * * LOW HITPOINT WARNING * * *
The orc hits you with a +0 falchion.
You die...

#
#.############
#..@.........#
#..o#########.#
#..$. ####.###
##..o #......#
##oo #.##.#.#
... #.#..#.#
##.# #.#.##.#
#o #.#.##.#
#......#


You could see an orc priest and 4 orcs.

Vanquished Creatures
  An adder (D:2)
  A worm (D:2)
  A dart slug (D:1)
  3 ball pythons
  A bat (D:1)
  2 endoplasms (D:2)
  2 goblins (D:1)
  2 hobgoblins
  4 quokkas
  3 frilled lizards
  4 kobolds
  6 rats
30 creatures vanquished.

Notes
Turn   | Place    | Note
-------+----------+-------------------------------------------
     0 | D:1      | riojii the Spriggan Hunter began the quest for the Orb.
     0 | D:1      | Reached XP level 1. HP: 10/10 MP: 2/2
    24 | D:1      | Reached skill level 5 in Bows
    77 | D:1      | Reached XP level 2. HP: 15/15 MP: 3/3
   615 | D:1      | Found a faded altar of an unknown god.
   783 | D:2      | Reached XP level 3. HP: 11/18 MP: 4/4
  1243 | D:3      | Slain by an orc

Illustrated notes

Levels and vault maps discovered:
D:1:      minmay_arrival_three_doors, layout_basic,
          hellmonk_ecumenical_altar_inner_sanctum, minmay_tromino_v7
D:2:      layout_basic
D:3:      layout_loops_corners, uniq_crazy_yiuf_cottage, uniq_robin

Skill      XL: |  1  2 |
---------------+-------+-----
Bows           | 5 |  5.4
Dodging        | 3 |  3.2
Fighting       | 2 |  2.3
Stealth        | |  1.5

Action                   || total
-------------------------++-------
 Fire: Shortbow          ||    66
  Use: Scroll            ||     8
Armor: Robe              ||     1
Dodge: Dodged            ||    13

Table legend: (Time is in decaauts)
 A = Elapsed time spent in this place.
 B = Non-inter-level travel time spent in this place.
 C = Inter-level travel time spent in this place.
 D = Time resting spent in this place.
 E = Time spent auto-exploring this place.
 F = Levels seen in this place.
 G = Mean time per level.
                   A        B        C        D        E       F      G
               +--------+--------+--------+--------+--------+-----+--------+
         Total |    884 |    867 |     17 |      0 |    730 |   3 |  294.7 |
       Dungeon |    884 |    867 |     17 |      0 |    730 |   3 |  294.7 |
               +--------+--------+--------+--------+--------+-----+--------+

Top non-repeatable levels by time:
     D:1: 445 daAuts
     D:2: 415 daAuts
     D:3: 23 daAuts
